 Dungeon Crawl Stone Soup version 0.22-a0-197-g4ac3794 (webtiles) character file.

16 vishdafish the Slasher (level 2, -12/22 HPs)
             Began as a Demonspawn Gladiator on Feb 18, 2018.
             Engulfed by a cloud of flame (13 damage)
             ... on level 1 of the Dungeon.
             The game lasted 00:01:03 (968 turns).

vishdafish the Slasher (Demonspawn Gladiator)        Turns: 968, Time: 00:01:03

Health: -12/22     AC:  3    Str: 14    XL:     2   Next: 37%
Magic:  2/2        EV: 12    Int:  9    God:
Gold:   114        SH:  0    Dex: 14    Spells: 1/1 levels left

rFire    . . .     SeeInvis .   a - +0 long sword
rCold    . . .     Gourm    .   (no shield)
rNeg     . . .     Faith    .   b - +0 leather armour
rPois    .         Spirit   .   (helmet restricted)
rElec    .         Reflect  .   (no cloak)
rCorr    .         Harm     .   (no gloves)
MR       .....                  (no boots)
Stlth    +.........             (no amulet)
HPRegen  0.07/turn              (no ring)
MPRegen  0.08/turn              (no ring)

@: very slightly contaminated, hasted, very quick
A: antennae 1
a: no special abilities


You were on level 1 of the Dungeon.
You were not hungry.

You visited 1 branch of the dungeon, and saw 1 of its levels.

You collected 114 gold pieces.

Inventory:

Hand Weapons
 a - a +0 long sword (weapon)
Missiles
 d - 3 throwing nets (quivered)
Armour
 b - a +0 leather armour (worn)
 c - a +0 helmet
Potions
 g - a potion of heal wounds {unknown}
 i - a potion of invisibility {unknown}
 j - a potion of might {unknown}
Comestibles
 f - 3 rations


   Skills:
 + Level 2.2 Fighting
 + Level 3.1 Long Blades
 + Level 1.8 Throwing
 + Level 2.8 Dodging


You had one spell level left.
You didn't know any spells.

Dungeon Overview and Level Annotations

Branches:
Dungeon (1/15)

Altars:


Innate Abilities, Weirdness & Mutations

You have a pair of small antennae on your head.


Message History

Really walk into a travel-excluded area? [Y]es or [N]o only, please.
Really walk into a travel-excluded area?
Okay, then.
As you read the scroll labeled TYSAUFFA HAHUGEG, it crumbles to dust.
It is a scroll of amnesia.
You feel forgetful for a moment.
It was a potion of haste.
You feel yourself speed up.
Really walk into a travel-excluded area?
Okay, then.
Really walk into that cloud of flame?
Okay, then.
Really walk into that cloud of flame?
You are engulfed in blazing flames.
You are engulfed in blazing flames.
Ouch! That really hurt!
* * * LOW HITPOINT WARNING * * *
You are engulfed in blazing flames.
Ouch! That really hurt!
You die...

#.# #.# #...## #.# #.#
#....## #.# #.#
##.##..## #.#
######.###..###..## #.#
#.............##..# #.#
#.############.##.. #.#
##.## #.###. ### #...#
#.# ## #§§@# #.# # #§§§#
#.# #§§§# ##.##
######...##########...#
##.§§§...).§§§.........#
#..§§§......§...####...#
#..§§§.....§§§..########
#.#####...#####...# #.#
#§§§# ###.########


There were no monsters in sight!

Vanquished Creatures
  A leopard gecko (D:1)
  2 goblins (D:1)
  4 hobgoblins (D:1)
  2 kobolds (D:1)
  2 bats (D:1)
  3 rats (D:1)
14 creatures vanquished.

Notes
Turn   | Place    | Note
-------+----------+-------------------------------------------
     0 | D:1      | vishdafish the Demonspawn Gladiator began the quest for the Orb.
     0 | D:1      | Reached XP level 1. HP: 16/16 MP: 1/1
   294 | D:1      | Reached skill level 3 in Long Blades
   386 | D:1      | Gained mutation: You have a pair of small antennae on your head. [demonic ancestry]
   386 | D:1      | Reached XP level 2. HP: 21/22 MP: 2/2
   967 | D:1      | HP: 1/22 [something (14)]
   968 | D:1      | Engulfed by a cloud of flame

Vault maps used:
D:1:      dpeg_chamrin_arrival_tetris, lemuel_flame_loot_1

Skill      XL: |  1 |
---------------+----+-----
Long Blades    | 3 |  3.1
Fighting       | |  2.2
Throwing       | |  1.8
Dodging        | |  2.8

Action                   || total
-------------------------++-------
Melee: Long sword        ||    31
  Use: Scroll            ||     3
       Potion            ||     1
 Stab: Sleeping          ||     1
Armor: Leather armour    ||    13
Dodge: Dodged            ||    24
       Rpst.: Long sword ||     8

Table legend:
 A = Spawn XP
 B = Non-spawn XP
 C = Spawn XP percentage of total XP
 D = Spawn monster count
 E = Non-spawn monster count
 F = Spawn count percentage of total count
 G = Total turns spent on level
                    A         B        C        D         E        F      G
               +---------+---------+-------+---------+---------+-------+---------
         Total |       0 |      23 |   0.0 |       0 |      14 |   0.0 |   968
               +---------+---------+-------+---------+---------+-------+---------
           D:1 |       0 |      23 |   0.0 |       0 |      14 |   0.0 |   968
               +---------+---------+-------+---------+---------+-------+---------
